 Dungeon Sprint DCSS version 0.21-a0-70-g32e1473 (webtiles) character file.

100 Kidiri the Magician (level 4, -1/35 HPs)
             Began as a Mummy Necromancer on June 18, 2017.
             Slain by a water elemental (6 damage)
             ... in the Dungeon (Sprint III: "The Ten Rune Challenge").
             The game lasted 00:03:40 (418 turns).

Kidiri the Magician (Mummy Necromancer)              Turns: 418, Time: 00:03:40

Health: -1/35      AC:  4    Str: 11    XL:     4   Next: 47%
Magic:  12/12      EV: 13    Int: 15    God:
Gold:   23         SH:  0    Dex: 12    Spells: 2/15 levels left

rFire    x . .     SeeInvis .   e - +0 dagger (venom)
rCold    + . .     Gourm    .   (no shield)
rNeg     + + +     Faith    .   a - +0 robe
rPois    ∞         Spirit   .   d - +2 hat
rElec    .         Reflect  .   (no cloak)
rCorr    .         Harm     .   (no gloves)
MR       .....     NoTele   +   (no boots)
Stlth    ++........             (no amulet)
HPRegen  0.11/turn              (no ring)
MPRegen  0.13/turn              (no ring)

@: no status effects
A: no food or potions, fire vulnerability, cold resistance 1, negative energy
resistance 3, torment resistance, unbreathing
a: no special abilities


You were in the Dungeon.
You were not hungry.

You visited 1 branch You collected 23 gold pieces.

Inventory:

Hand Weapons
 e - a +0 dagger of venom (weapon)
Armour
 a - a +0 robe (worn)
 d - a +2 hat (worn)
Scrolls
 c - a scroll of blinking
 f - a scroll of torment {unknown}
 g - 3 scrolls of identify
 h - a scroll of fear {unknown}
 i - a scroll of holy word {unknown}
 j - 2 scrolls of remove curse
Books
 b - a book of Necromancy

   Spells                             Type                      Level
   a - Pain                           Necromancy                   1
   b - Animate Skeleton               Necromancy                   1
   c - Vampiric Draining              Necromancy                   3
   d - Regeneration                   Charms/Necromancy            3
   e - Animate Dead                   Necromancy                   4
   f - Control Undead                 Necromancy                   4


   Skills:
 + Level 3.1 Fighting
 + Level 2.6 Armour
 + Level 3.0 Dodging
 + Level 3.3 Stealth
 * Level 6.2 Spellcasting
 + Level 5.2 Necromancy


You had 2 spell levels left.
You knew the following spells:

 Your Spells              Type           Power        Failure   Level  Hunger
a - Pain                  Necr           ###.         1%          1    N/A
b - Animate Skeleton      Necr           N/A          1%          1    N/A
c - Vampiric Draining     Necr           ###.......   4%          3    N/A
d - Animate Dead          Necr           N/A          17%         4    N/A
e - Control Undead        Necr           ###.......   17%         4    N/A

Dungeon Overview and Level Annotations

Branches:
Dungeon (1/1)

Altars:


Innate Abilities, Weirdness & Mutations

You do not eat or drink.
Your flesh is vulnerable to fire.
You are immune to poison.
Your flesh is cold resistant. (rC+)
You are immune to negative energy. (rN+++)
You are immune to unholy pain and torment.
You can survive without breathing.


Message History

The water elemental is heavily damaged.
The water elemental hits you!!
Ouch! That really hurt!
* * * LOW HITPOINT WARNING * * *
The water elemental engulfs you in water!
Your scorpion zombie barely misses the water elemental.
With effort, you pull free of the water engulfing you.
The water engulfing you falls away.
Your scorpion zombie pulls free of the water.
You aren't carrying any items that you can evoke.
Okay, then.
Unknown command.
You barely miss the water elemental.
The water elemental is heavily damaged.
The water elemental misses you.
You are too injured to fight recklessly!
You closely miss the water elemental.
The water elemental is heavily damaged.
The water elemental hits you.
You die...

▓..##.......#!!#..#
▓##.##.##...#..#..###+#+###
##.##.###..##+#..#........
▓#.####.##..###...'.⌠......
▓.###..##..####...#...#####
▓#.....##.%###....#.⌠.#
###..##...##.....#...#
##..##....#E.Z...#+###
#..###..##@#.....# #..#
#..#####....# ▓▓▓▓ ▓▓▓▓
▓▓▓▓▓▓


You could see a water elemental and a friendly scorpion zombie.

Vanquished Creatures
  Jessica (D)
  A human (D)
  2 oozes (D)
4 creatures vanquished.

Vanquished Creatures (collateral kills)
  A scorpion (D)
1 creature vanquished.

Vanquished Creatures (others)
  2 draconian scorchers (D)
  6 hellions (D)
  A yaktaur (D)
9 creatures vanquished.

Grand Total: 14 creatures vanquished

Notes
Turn   | Place    | Note
-------+----------+-------------------------------------------
     0 | D        | Kidiri the Mummy Necromancer began the quest for the Orb.
     0 | D        | Reached XP level 1. HP: 13/13 MP: 4/4
     9 | D        | Reached skill level 1 in Fighting
     9 | D        | Reached skill level 3 in Spellcasting
    47 | D        | Reached skill level 1 in Armour
    47 | D        | Reached XP level 2. HP: 18/21 MP: 0/6
    77 | D        | Killed a yaktaur
    99 | D        | Killed a hellion
   104 | D        | Killed a hellion
   109 | D        | Killed a hellion
   112 | D        | Noticed Jessica
   117 | D        | Killed Jessica
   117 | D        | Reached skill level 4 in Spellcasting
   117 | D        | Reached XP level 3. HP: 18/27 MP: 2/9
   124 | D        | Learned a level 1 spell: Animate Skeleton
   128 | D        | Learned a level 3 spell: Vampiric Draining
   135 | D        | Killed a hellion
   153 | D        | Killed a white draconian scorcher
   171 | D        | Killed a hellion
   204 | D        | Killed a white draconian scorcher
   247 | D        | Reached skill level 5 in Spellcasting
   276 | D        | Noticed a scorpion
   281 | D        | Killed a scorpion
   281 | D        | Reached skill level 6 in Spellcasting
   281 | D        | Reached skill level 5 in Necromancy
   281 | D        | Reached XP level 4. HP: 23/35 MP: 0/12
   286 | D        | Killed a hellion
   303 | D        | Learned a level 4 spell: Animate Dead
   341 | D        | Learned a level 4 spell: Control Undead
   402 | D        | Noticed a water elemental
   418 | D        | Slain by a water elemental

Vault maps used:
D:        dungeon_sprint_mu

Skill      XL: |  1  2  3 |
---------------+----------+-----
Fighting       | 1 2 3 |  3.1
Spellcasting   | 3 4 6 |  6.2
Armour         | 1 2 |  2.6
Stealth        | 2 3 |  3.3
Dodging        | 2 3 |  3.0
Necromancy     | 5 |  5.2

Action                   |  1- 3 |  4- 6 || total
-------------------------+-------+-------++-------
Melee: Unarmed           |     1 |       ||     1
       Dagger            |     4 |     5 ||     9
 Cast: Pain              |    23 |       ||    23
       Animate Skeleton  |     1 |       ||     1
       Animate Dead      |       |     1 ||     1
 Stab: Sleeping          |     1 |     1 ||     2
Armor: Robe              |     3 |       ||     3
Dodge: Dodged            |     9 |     2 ||    11
